 Dungeon Crawl Stone Soup version 0.28.0 (webtiles) character file.

Game seed: 16626504334562845661

2524 hikkokomori the Fighter (level 9, -2/74 (77) HPs)
             Began as a Formicid Fighter on Feb 9, 2022.
             Was a Priest of Okawaru.
             Killed from afar by an orc (19 damage)
             ... with a bolt of acid
             ... on level 7 of the Dungeon.
             The game lasted 00:14:04 (7062 turns).

hikkokomori the Fighter (Formicid Fighter)          Turns: 7062, Time: 00:14:05

HP:   -2/74 (77)    AC:  9    Str: 29    XL:     9   Next: 84%
MP:   9/9           EV:  7    Int: 16    God:    Okawaru [***...]
Gold: 285           SH:  4    Dex: 10    Spells: 8/8 levels left

rFire   . . .      SeeInvis +   p - +5 halberd
rCold   . . .      Faith    .   c - +0 buckler
rNeg    . . .      Spirit   .   D - +0 plate armour
rPois   .          Reflect  .   (helmet unavailable)
rElec   .          Harm     .   J - +1 cloak
rCorr   .          Rampage  .   w - +1 pair of gloves
Will    .....                   (no boots)
Stlth   ..........              H - amulet of regeneration
HPRegen 1.02/turn               k - +6 ring of intelligence
MPRegen 0.11/turn               r - +6 ring of strength

@: corroded, lightly drained
A: permanent stasis, dig shafts and tunnels, antennae 3, four strong arms
a: Dig, Shaft Self, Renounce Religion, Heroism


You were on level 7 of the Dungeon.
You worshipped Okawaru.
Okawaru was most pleased with you.
You visited 1 branch of the dungeon, and saw 7 of its levels.

You collected 285 gold pieces.

Inventory:

Hand Weapons
 a - a +0 quarterstaff
 p - a +5 halberd (weapon)
 B - a +0 fustibalus
Missiles
 t - 5 atropa-tipped darts
 y - 54 bolts
 z - 87 arrows
 C - 62 stones
Armour
 b - a +0 scale mail
 c - a +0 buckler (worn)
 w - a +1 pair of gloves (worn)
 D - a +0 plate armour (worn)
 J - a +1 cloak (worn)
Magical Staves
 A - a staff of cold
Jewellery
 k - a +6 ring of intelligence (left hand)
 r - a +6 ring of strength (right hand)
 G - a ring of wizardry
 H - an amulet of regeneration (around neck)
Wands
 E - a wand of flame (14)
Scrolls
 e - a scroll of noise
 f - a scroll of magic mapping
 i - a scroll of immolation {unknown}
 j - a scroll of enchant weapon {unknown}
 n - 2 scrolls of teleportation
 s - 2 scrolls of enchant armour
Potions
 d - a potion of invisibility {unknown}
 g - 3 potions of lignification {unknown}
 h - 2 potions of curing
 l - 2 potions of berserk rage {unknown}
 m - a potion of cancellation
 o - 2 potions of magic {unknown}
 q - 2 potions of might
 u - 2 potions of brilliance {unknown}
 v - 2 potions of mutation
 x - 2 potions of attraction


   Skills:
 + Level 9.4 Fighting
 + Level 0.2(5.1) Polearms
 - Level 8.3 Staves
 + Level 6.8 Armour
 - Level 3.6 Shields


You had 8 spell levels left.
You didn't know any spells.
Your spell library contained the following spells:

 Spells                   Type           Power      Damage    Failure   Level
 Sting                    Tmut/Pois      0%         1d3       96%         1
 Poisonous Vapours        Pois/Air       0%         N/A       99%         2
 Olgreb's Toxic Radiance  Pois           0%         N/A       100%        4


Dungeon Overview and Level Annotations

Branches:
Dungeon (7/15)
 Temple: D:4-7

Altars:
Gozag
Nemelex Xobeh
Okawaru
Vehumet
Xom
Yredelemnul
The Shining One

Annotations:
D:3 2 transporters


Innate Abilities, Weirdness & Mutations

You cannot be hasted, slowed, berserked, paralysed or teleported.
You can dig through walls and to a lower floor.
You have a pair of large antennae on your head. (SInv)
Your four strong arms can wield two-handed weapons with a shield.


Message History

The orc wizard is lightly wounded.
You block the orc's attack. You block the orc wizard's attack.
An orc comes into view. It is wielding a +0 short sword.
You closely miss the orc wizard.
The orc wizard is lightly wounded.
The orc hits you but does no damage. You block the orc wizard's attack.
You barely miss the orc wizard.
The orc wizard is lightly wounded.
The orc hits you but does no damage. x2
The orc wizard hits you but does no damage.
You puncture the orc wizard!
The orc wizard is severely wounded.
The orc barely misses you. The orc hits you but does no damage.
The orc wizard barely misses you.
The orc zaps a wand.
The bolt of acid hits you!
You puncture the orc wizard!
You kill the orc wizard!
Okawaru accepts your kill. The orc hits you but does no damage.
The orc closely misses you.
You barely miss the orc. The orc hits you but does no damage. x2
You closely miss the orc. The orc hits you but does no damage.
The orc barely misses you. The orc hits you but does no damage. x2
You closely miss the orc.
The orc zaps a wand.
The bolt of acid hits you! The acid corrodes you!
You block the orc's attack. x2
The orc closely misses you.
You impale the orc!!
You kill the orc!
Okawaru accepts your kill. You block the orc's attack.
The orc zaps a wand.
The bolt of acid hits you!!
* * * LOW HITPOINT WARNING * * *
You are too injured to fight recklessly!
You are too injured to fight recklessly!
Press: ? - help, v - describe, . - travel
Here: an orc, wielding a +0 whip and carrying a wand of acid (2)
The floor.
You closely miss the orc. The orc misses you. You block the orc's attack.
You hit the orc but do no damage. The orc hits you with a +0 dagger.
* * * LOW HITPOINT WARNING * * *
The orc zaps a wand.
The bolt of acid hits you!!
You die...

#............
###.......####[
.##### #
#<...........#
......
#.#.#.......##.#
######
....#...#...##.#.#
#.#.#..###.......#
.....#..#.####.###
#.....)....# #
#.....o@...#
#.#...o)....#
............#
#.#.........#
..>.........#
..#.#.......# .
#.#...[...# #
#.......#


You could see 2 orcs.

Vanquished Creatures
  A hornet (D:4)
  A steam dragon (D:6)
  3 sky beasts
  A black bear (D:6)
  4 ogres
  3 centaurs (D:6)
  A phantom (D:4)
  A wyvern zombie (D:6)
  3 scorpions
  A water moccasin zombie (D:5)
  A water moccasin skeleton (D:4)
  3 wights (D:7)
  2 centaur zombies
  A hound (D:6)
  A centaur skeleton (D:6)
  A jelly (D:4)
  2 gnoll shamans
  5 iguanas
  2 orc wizards
  A hound skeleton (D:5)
  3 adders
  18 gnolls
  An ufetubus (D:4)
  An adder skeleton (D:4)
  A worm (D:4)
  3 dart slugs
  12 orcs
  12 ball pythons
  7 bats
  5 endoplasms
  3 giant cockroaches (D:1)
  8 goblins
  8 hobgoblins
  6 jackals (D:1)
  5 quokkas
  3 frilled lizards
  5 kobolds (D:1)
  3 rats
142 creatures vanquished.

Notes
Turn   | Place    | Note
-------+----------+-------------------------------------------
     0 | D:1      | hikkokomori the Formicid Fighter began the quest for the
                  | Orb.
     0 | D:1      | Reached XP level 1. HP: 18/18 MP: 1/1
   138 | D:1      | Reached XP level 2. HP: 11/24 MP: 2/2
   366 | D:1      | Reached XP level 3. HP: 28/30 MP: 3/3
   438 | D:1      | Reached skill level 4 in Fighting
   715 | D:1      | Found a faded altar of an unknown god.
   768 | D:1      | Reached XP level 4. HP: 37/37 MP: 4/4
  1714 | D:2      | Noticed an ogre
  1722 | D:2      | Killed an ogre
  1723 | D:2      | Reached skill level 5 in Fighting
  1723 | D:2      | Reached XP level 5. HP: 12/44 MP: 5/5
  2199 | D:3      | Found an iron altar of Okawaru.
  2209 | D:3      | Became a worshipper of Warmaster Okawaru
  2281 | D:3      | Found a transporter.
  2401 | D:3      | Found a transporter.
  2409 | D:3      | Found an opulent altar of Gozag.
  2987 | D:3      | Found a radiant altar of Vehumet.
  3153 | D:3      | Reached XP level 6. HP: 28/51 MP: 6/6
  3482 | D:4      | Noticed a hornet
  3500 | D:4      | Killed a hornet
  3501 | D:4      | Reached skill level 6 in Fighting
  3501 | D:4      | Reached skill level 5 in Staves
  3501 | D:4      | Reached XP level 7. HP: 10/59 MP: 7/7
  4194 | D:4      | Reached * piety under Okawaru
  4195 | D:4      | Reached skill level 7 in Fighting
  4340 | D:5      | Entered Level 5 of the Dungeon
  4347 | D:5      | Reached XP level 8. HP: 52/67 MP: 8/8
  4821 | D:5      | Found a shimmering altar of Xom.
  4823 | D:5      | Found a shimmering altar of Xom.
  4824 | D:5      | Found a shimmering altar of Xom.
  4824 | D:5      | Found a shimmering altar of Xom.
  4826 | D:5      | Found a shimmering altar of Xom.
  4826 | D:5      | Found a shimmering altar of Xom.
  4828 | D:5      | Found a shimmering altar of Xom.
  5279 | D:5      | Found a basalt altar of Yredelemnul.
  5336 | D:5      | Found a glowing golden altar of the Shining One.
  5374 | D:5      | Reached ** piety under Okawaru
  5655 | D:5      | Reached skill level 8 in Fighting
  5855 | D:6      | Reached skill level 5 in Armour
  5855 | D:6      | Reached XP level 9. HP: 69/74 MP: 9/9
  6191 | D:6      | Reached *** piety under Okawaru
  6242 | D:6      | Reached skill level 9 in Fighting
  6785 | D:6      | Found a sparkling altar of Nemelex Xobeh.
  7062 | D:7      | Killed from afar by an orc

Illustrated notes

Levels and vault maps discovered:
D:1:      scummos_arrival_forest, layout_basic, basic_ecumenical_altar,
          grunt_decor_resistance, st_stairs_1, glass_columns_b,
          minmay_heptomino_w4
D:2:      layout_loops_cross
D:3:      gammafunk_wand_slinger, layout_rooms, mainiacjoe_overflow_brackets,
          mainiacjoe_overflow_24_doors, old_standard_altar
D:4:      layout_rooms, minmay_misc_feat_rugged
D:5:      layout_gridville, mainiacjoe_overflow_alcove_2,
          nicolae_xom_altar_mimics, mainiacjoe_overflow_surrounded_room
D:6:      layout_cave_pods, nemelex_dance_club_becter, serial_co_window_serial,
          co_window_paths_a, co_window_corner_a, co_window_paths_a,
          co_window_cross_1, co_window_paths_a, co_window_corner_a,
          co_window_corner_a, co_window_paths_a, co_window_paths_a,
          co_window_broadway_a, co_window_2corner, co_window_broadway_a,
          co_window_of_opportunity_b, co_window_2corner, co_window_corner_cb,
          co_window_2corner, co_window_paths_d, co_window_paths_e,
          glass_columns_a, glass_columns_b, glass_columns_a, glass_columns_a
D:7:      layout_loops_cross, lemuel_mausoleum_altar_kikubaaqudgha,
          minmay_temple_entry_drinking_statues

Skill      XL: |  1  2  3  4  5  6  7  8  9 |
---------------+----------------------------+-----
Fighting       | 4 5 6 7 8 9 |  9.4
Staves         | 3 4 5 6 7 8 |  8.3
Armour         | 5 6 |  6.8
Polearms       | |  0.2
Shields        | |  3.6

Action                   |  1- 3 |  4- 6 |  7- 9 || total
-------------------------+-------+-------+-------++-------
Melee: Quarterstaff      |    89 |   101 |   307 ||   497
       Halberd           |       |       |    13 ||    13
 Abil: Dig               |       |     1 |     3 ||     4
  Use: Potion            |       |     3 |       ||     3
       Scroll            |       |       |    10 ||    10
Armor: Scale mail        |    46 |    42 |    16 ||   104
       Plate armour      |       |       |   172 ||   172
Dodge: Dodged            |    38 |    41 |   127 ||   206
Block: Buckler           |    22 |    25 |    94 ||   141
